 Dungeon Crawl Stone Soup version 0.28-a0-620-g539b0f7ac7 (webtiles) character file.

Game seed: 17871737211505501892

39 bande the Covered (level 3, -8/24 HPs)
             Began as a Gargoyle Fighter on Oct 7, 2021.
             Mangled by a worm (9 damage)
             ... on level 2 of the Dungeon.
             The game lasted 00:02:46 (1481 turns).

bande the Covered (Gargoyle Fighter)                Turns: 1481, Time: 00:02:46

Health: -8/24      AC: 10    Str: 20    XL:     3   Next: 47%
Magic:  3/3        EV:  9    Int:  8    God:
Gold:   25         SH:  4    Dex:  9    Spells: 2/2 levels left

rFire   . . .      SeeInvis .   a - +0 war axe
rCold   . . .      Faith    .   c - +0 buckler
rNeg    + . .      Spirit   .   b - +0 scale mail
rPois   ∞          Reflect  .   (no helmet)
rElec   +          Harm     .   (no cloak)
rCorr   .          Rampage  .   (no gloves)
Will    .....                   (no boots)
Stlth   ..........              (no amulet)
HPRegen 0.08/turn               (no ring)
MPRegen 0.08/turn               (no ring)

@: no status effects
A: sickness immunity, AC +3, negative energy resistance 1, electricity
resistance, torment resistance 1, petrification resistance
a: no special abilities


You were on level 2 of the Dungeon.
You visited 1 branch of the dungeon, and saw 2 of its levels.

You collected 25 gold pieces.

Inventory:

Hand Weapons
 a - a +0 war axe (weapon)
Armour
 b - a +0 scale mail (worn)
 c - a +0 buckler (worn)
Potions
 d - a potion of might
 e - a potion of berserk rage {unknown}
 f - a potion of curing {unknown}


   Skills:
 + Level 3.7 Fighting
 + Level 2.4 Axes
 + Level 3.7 Armour
 + Level 3.6 Shields


You had 2 spell levels left.
You didn't know any spells.
Your spell library contained the following spells:

 Spells                   Type           Power      Damage    Failure   Level
 Freeze                   Ice            0%         1d3       77%         1
 Slow                     Hex            0%         N/A       88%         2
 Confusing Touch          Hex            0%         N/A       98%         3
 Frozen Ramparts          Ice            0%         1d2       98%         3
 Vampiric Draining        Necr           0%         2d6       98%         3
 Hailstorm                Conj/Ice       0%         3d3       100%        4


Dungeon Overview and Level Annotations

Branches:
Dungeon (2/15)

Altars:


Innate Abilities, Weirdness & Mutations

You are immune to sickness and miasma.
Your stone body is resilient. (AC +3)
You are immune to poison.
You resist negative energy. (rN+)
You are resistant to electric shocks. (rElec)
You are resistant to unholy torment.
You are immune to petrification.


Message History

* * * LOW HITPOINT WARNING * * *
The hobgoblin closely misses you.
You completely miss the hobgoblin.
The hobgoblin is almost dead.
You hit the endoplasm.
You kill the endoplasm!
You block the hobgoblin's attack.
Unknown command.
You barely miss the hobgoblin.
The hobgoblin is almost dead.
The hobgoblin closely misses you.
Unknown command.
You barely miss the hobgoblin.
The hobgoblin is almost dead.
You barely miss the worm. The hobgoblin closely misses you.
You block the hobgoblin's attack. The worm bites you but does no damage.
Unknown command.
You hit the hobgoblin but do no damage.
The hobgoblin is almost dead.
You slash the worm! You block the hobgoblin's attack. The worm bites you.
* * * LOW HITPOINT WARNING * * *
You closely miss the hobgoblin.
The hobgoblin is almost dead.
You barely miss the worm. The hobgoblin barely misses you. x2
You hit the hobgoblin.
You kill the hobgoblin!
You hit the worm. The worm barely misses you.
Unknown command.
Found a yellow potion.
The worm bites you.
* * * LOW HITPOINT WARNING * * *
Items here: $ ) ? †.
You barely miss the worm.
The worm is heavily wounded.
The worm closely misses you.
You hit the worm.
The worm is severely wounded.
You hit the worm but do no damage.
The worm is severely wounded.
The worm bites you!
You die...

.......!......
##.............
.#..............
................
..............
............
........[.# .......w@#
.......†.#
.#.......###
.........>.#
...........######
................#
....>.....#.....# )#.
.................#
...##.#....†..###....#


You could see a worm.

Vanquished Creatures
  An adder (D:2)
  A dart slug (D:1)
  5 endoplasms
  A giant cockroach (D:1)
  A goblin (D:1)
  3 hobgoblins
  3 kobolds
  2 quokkas
  4 ball pythons (D:1)
  2 bats (D:2)
  A frilled lizard (D:1)
  3 rats (D:1)
27 creatures vanquished.

Notes
Turn   | Place    | Note
-------+----------+-------------------------------------------
     0 | D:1      | bande the Gargoyle Fighter began the quest for the Orb.
     0 | D:1      | Reached XP level 1. HP: 14/14 MP: 1/1
   237 | D:1      | Reached XP level 2. HP: 18/19 MP: 2/2
   259 | D:1      | Found a faded altar of an unknown god.
  1106 | D:2      | Reached XP level 3. HP: 18/23 MP: 3/3
  1478 | D:2      | HP: 1/24 [worm (3)]
  1481 | D:2      | Mangled by a worm

Illustrated notes

Levels and vault maps discovered:
D:1:      psy_arrival_fountain, layout_loops_corners,
          ebering_ecumenical_altar_petrified, roderic_st_hans_cross,
          minmay_hexomino_f4
D:2:      layout_rooms, minmay_worlds_worst_comb

Skill      XL: |  1  2 |
---------------+-------+-----
Axes           | 2 |  2.4
Fighting       | |  3.7
Armour         | |  3.7
Shields        | |  3.6

Action                   || total
-------------------------++-------
Melee: War axe           ||    82
Armor: Scale mail        ||    41
Dodge: Dodged            ||    40
Block: Buckler           ||    15

Table legend: (Time is in decaauts)
 A = Elapsed time spent in this place.
 B = Non-inter-level travel time spent in this place.
 C = Inter-level travel time spent in this place.
 D = Time resting spent in this place.
 E = Time spent auto-exploring this place.
 F = Levels seen in this place.
 G = Mean time per level.
                   A        B        C        D        E       F      G
               +--------+--------+--------+--------+--------+-----+--------+
         Total |   1513 |   1473 |     40 |    327 |    921 |   2 |  756.5 |
       Dungeon |   1513 |   1473 |     40 |    327 |    921 |   2 |  756.5 |
               +--------+--------+--------+--------+--------+-----+--------+

Top non-repeatable levels by time:
     D:1: 1112 daAuts
     D:2: 400 daAuts
